 Dungeon Crawl Stone Soup version 0.22-a0-414-gacd343e8ff (webtiles) character file.

156 Banto the Digger (level 5, -2/31 HPs)
             Began as an Octopode Earth Elementalist on May 14, 2018.
             Killed by nerve-wracking pain
             ... invoked by an orc priest
              (10 damage)
             ... on level 3 of the Dungeon.
             The game lasted 00:02:53 (2550 turns).

Banto the Digger (Octopode Earth Elementalist)      Turns: 2550, Time: 00:02:53

Health: -2/31      AC:  1    Str:  7    XL:     5   Next: 37%
Magic:  7/8        EV: 13    Int: 18    God:
Gold:   76         SH:  0    Dex: 13    Spells: 2/8 levels left

rFire    . . .     SeeInvis .   n - +1 dagger (distort)
rCold    . . .     Gourm    .   (no shield)
rNeg     . . .     Faith    .   (helmet restricted)
rPois    .         Spirit   .   (no amulet)
rElec    .         Reflect  .   k - ring of loudness
rCorr    .         Harm     .   e - ring of flight
MR       .....                  (no ring)
Stlth    +++.......             (no ring)
HPRegen  0.10/turn              (no ring)
MPRegen  0.11/turn              (no ring)
                                (no ring)
                                (no ring)

@: no status effects
A: almost no armour, stealthy swim, amphibious, 8 rings, constrict 8, camouflage
1, gelatinous body 1
a: Evoke Flight


You were on level 3 of the Dungeon.
You were not hungry.

You visited 1 branch of the dungeon, and saw 3 of its levels.

You collected 76 gold pieces.

Inventory:

Hand Weapons
 n - a +1 dagger of distortion (weapon)
Missiles
 b - 104 stones (quivered)
Jewellery
 e - a ring of flight (right tentacle)
 k - a ring of loudness (left tentacle)
Scrolls
 a - a scroll of identify
 f - 2 scrolls of remove curse
 i - a scroll of enchant weapon
 l - a scroll of fog
Potions
 d - 3 potions of brilliance
 m - a potion of berserk rage
Comestibles
 c - 5 rations
 g - 5 chunks of flesh


   Skills:
 - Level 2.0 Dodging
 + Level 4.8 Stealth
 - Level 2.0 Spellcasting
 - Level 1.0 Transmutations
 * Level 5.1 Earth Magic


You had 2 spell levels left.
You knew the following spells:

 Your Spells              Type           Power        Failure   Level  Hunger
a - Sandblast             Erth           ###...       2%          1    #......
b - Passwall              Tmut/Erth      ##........   8%          2    ###....
c - Stone Arrow           Conj/Erth      ##....       19%         3    ###....

Your spell library contained the following spells:

 Spells                   Type           Power        Failure   Level  Hunger
 Lee's Rapid Deconstruct  Erth           ###.......   52%         5    ######.
 Petrify                  Tmut/Erth      ##......     45%         4    #####..


Dungeon Overview and Level Annotations

Branches:
Dungeon (3/15)

Altars:
Makhleb
Nemelex Xobeh
Okawaru
Xom


Innate Abilities, Weirdness & Mutations

You cannot wear most types of armour.
You are very stealthy in the water. (Stealth+)
You are amphibious.
You can wear up to eight rings at the same time.
You can use your tentacles to constrict eight enemies at once.
Your skin changes colour to match your surroundings (Stealth+).
Your rubbery body absorbs attacks. (AC +1, EV +1)


Message History

You take 7 damage, and have 16/31 hp.
MASSIVE DAMAGE!!
You hit the orc but do no damage.
Space bends around the orc.
You kill the orc!
The orc priest mumbles some strange prayers to Beogh against you.
Beogh smites you!
* * * LOW HITPOINT WARNING * * *
You take 8 damage, and have 8/31 hp.
MASSIVE DAMAGE!!
You are too injured to fight recklessly!
Items here: )))) [[
Casting: Sandblast (safe; 2% risk of failure)
Confirm with . or Enter, or press ? or * to list all spells.
Aiming: Sandblast (safe; 2% risk of failure)
Press: ? - help, Shift-Dir - straight line, f - orc priest
Aim: an orc priest, wielding an enchanted mace The blast of sand hits the orc priest.
The orc priest is heavily wounded.
b - 104 stones The orc priest mumbles some strange prayers to Beogh against you.
Pain shoots through your body!
You die...

######### #.@.....#
###.#####.# #.oo#<..#.#
####o..#...#.#
...........#.###########
......o....#.#.........#
..............#.#######.#
....###.##.#.##.# #.#
..... .... #....#.##.#
#.#


You could see 2 orc priests and 2 orcs.

Vanquished Creatures
  2 orc wizards (D:3)
  An adder (D:2)
  3 oozes
  A worm (D:3)
  3 dart slugs
  3 leopard geckos (D:2)
  8 orcs (D:3)
  5 giant cockroaches (D:1)
  10 goblins
  2 hobgoblins (D:2)
  2 jackals (D:1)
  2 quokkas (D:3)
  A ball python (D:2)
  6 bats
  2 frilled lizards
  6 kobolds
  4 rats
61 creatures vanquished.

Notes
Turn   | Place    | Note
-------+----------+-------------------------------------------
     0 | D:1      | Banto the Octopode Earth Elementalist began the quest for the Orb.
     0 | D:1      | Reached XP level 1. HP: 11/11 MP: 3/3
   150 | D:1      | Reached XP level 2. HP: 11/17 MP: 5/5
   667 | D:1      | Reached XP level 3. HP: 17/21 MP: 6/6
   999 | D:2      | Found a sparkling altar of Nemelex Xobeh.
  1015 | D:2      | Reached skill level 4 in Earth Magic
  1404 | D:2      | Reached XP level 4. HP: 26/27 MP: 7/7
  1532 | D:2      | Found a burning altar of Makhleb.
  1532 | D:2      | Noticed a balrug
  1780 | D:2      | Found a snail-covered altar of Cheibriados.
  1782 | D:2      | Found a stormy altar of Qazlal.
  1782 | D:2      | Found a shimmering altar of Xom.
  1784 | D:2      | Found a blossoming altar of Fedhas.
  1784 | D:2      | Found a white marble altar of Elyvilon.
  1784 | D:2      | Found a shadowy altar of Dithmenos.
  1875 | D:3      | Learned a level 2 spell: Passwall
  1879 | D:3      | Learned a level 3 spell: Stone Arrow
  1936 | D:3      | Found an iron altar of Okawaru.
  1984 | D:3      | Reached XP level 5. HP: 24/31 MP: 6/8
  2409 | D:3      | Reached skill level 5 in Earth Magic
  2550 | D:3      | Killed from afar by an orc priest

Vault maps used:
D:1:      mrwooster_arrival_arrow
D:2:      doesnt_xom_only_xom, nemelex_xobeh_ov_fountains_minmay, first_ration,
          makhleb_altar_promises_db
D:3:      old_standard_altar, nicolae_overflow_crystal_walls, uniq_jessica,
          uniq_ijyb

Skill      XL: |  1  2  3  4  5 |
---------------+----------------+-----
Stealth        | 3 4 |  4.8
Earth Magic    | 4 5 |  5.1
Dodging        | |  2.0
Spellcasting   | |  2.0
Transmutations | |  1.0

Action                   |  1- 3 |  4- 6 || total
-------------------------+-------+-------++-------
Melee: Unarmed           |    22 |       ||    22
       Constrict         |    21 |     8 ||    29
       Tentacles         |    16 |     4 ||    20
       Mace              |    51 |       ||    51
       Dagger            |    12 |    35 ||    47
 Cast: Sandblast         |     1 |     6 ||     7
  Use: Scroll            |       |     8 ||     8
 Stab: Sleeping          |    12 |     6 ||    18
  Eat: Chunk             |     2 |     3 ||     5
Armor: Skin              |     6 |       ||     6
Dodge: Dodged            |    55 |     9 ||    64

Table legend:
 A = Spawn XP
 B = Non-spawn XP
 C = Spawn XP percentage of total XP
 D = Spawn monster count
 E = Non-spawn monster count
 F = Spawn count percentage of total count
 G = Total turns spent on level
                    A         B        C        D         E        F      G
               +---------+---------+-------+---------+---------+-------+---------
         Total |       0 |     223 |   0.0 |       0 |      61 |   0.0 |  2550
               +---------+---------+-------+---------+---------+-------+---------
           D:1 |       0 |      46 |   0.0 |       0 |      25 |   0.0 |   985
           D:2 |       0 |      54 |   0.0 |       0 |      19 |   0.0 |   873
           D:3 |       0 |     123 |   0.0 |       0 |      17 |   0.0 |   692
               +---------+---------+-------+---------+---------+-------+---------

Table legend:
 A = Turns spent in this place as a percentage of turns spent in the entire game.
 B = Non-inter-level travel turns spent in this place as a percentage of non-inter-level travel turns spent in the entire game.
 C = Inter-level travel turns spent in this place as a percentage of turns spent in this place.
 D = Turns resting spent in this place as a percentage of non-inter-level travel turns spent in this place.
 E = Turns spent auto-exploring this place as a percentage of non-inter-level travel turns spent in this place.
 F = Non-inter-level travel turns spent in this place divided by the number of levels of this place that you've seen.
                   A       B       C       D       E      F
               +-------+-------+-------+-------+-------+----------------------
         Total | 100.0 | 100.0 |   1.7 |  30.0 |  50.0 | 835.3
       Dungeon | 100.0 | 100.0 |   1.7 |  30.0 |  50.0 | 835.3
               +-------+-------+-------+-------+-------+----------------------

Table legend:
 A = Kills in this place as a percentage of kills in entire the game.
 B = Kills by you in this place as a percentage of kills by you in the entire game.
 C = Kills by friends in this place as a percentage of kills by friends in the entire game.
 D = Other kills in this place as a percentage of other kills in the entire game.
 E = Experience gained in this place as a percentage of experience gained in the entire game.
 F = Experience gained in this place divided by the number of levels of this place that you have seen.
                   A       B       C       D       E      F
               +-------+-------+-------+-------+-------+----------------------
         Total | 100.0 | 100.0 |   N/A |   N/A | 100.0 |  74.3
       Dungeon | 100.0 | 100.0 |   N/A |   N/A | 100.0 |  74.3
               +-------+-------+-------+-------+-------+----------------------
